 Dungeon Crawl Stone Soup version 0.30-a0-458-g86641cc369 (webtiles) character file.

Game seed: 12089603015197637933

260 HoaS the Shooter (level 6, 0/38 HPs)
             Began as a Kobold Hunter on Dec 14, 2022.
             Succumbed to a water moccasin's poison
             ... on level 6 of the Dungeon.
             The game lasted 00:04:37 (2047 turns).

HoaS the Shooter (Kobold Hunter)                    Turns: 2047, Time: 00:04:37

Health: 0/38       AC:  8    Str:  8    XL:     6   Next: 41%
Magic:  6/6        EV: 16    Int: 11    God:
Gold:   141        SH:  0    Dex: 20    Spells: 5/5 levels left

rFire   . . .      SeeInvis .    a - +1 shortbow
rCold   . . .      Faith    .    (shield currently unavailable)
rNeg    . . .      Spirit   .    c - +0 leather armour
rPois   .          Reflect  .    (no helmet)
rElec   .          Harm     .    p - +2 cloak {rCorr}
rCorr   +          Rampage  .    (no gloves)
Will    .....                    i - +1 pair of boots
Stlth   ++++......               (no amulet)
HPRegen 0.26/turn                (no ring)
MPRegen 0.10/turn                (no ring)

@: lethally poisoned (0 -> -4)
A: small, no large weapons, nightstalker 3
a: no special abilities


You were on level 6 of the Dungeon.
You visited 1 branch of the dungeon, and saw 5 of its levels.

You collected 141 gold pieces.

Inventory:

Hand Weapons
 a - a +1 shortbow (weapon)
Armour
 c - a +0 leather armour (worn)
 i - a +1 pair of boots (worn)
 p - a +2 cloak of preservation (worn)
Jewellery
 m - a ring of fire
Scrolls
 b - 2 scrolls of immolation
 o - a scroll of teleportation
Potions
 e - a potion of magic {unknown}
 g - a potion of flight {unknown}
 h - a potion of mutation {unknown}
 j - a potion of resistance {unknown}
 k - a potion of lignification {unknown}
 l - 3 potions of haste
 n - a potion of berserk rage {unknown}


   Skills:
 + Level 3.9 Fighting
 + Level 6.5 Ranged Weapons
 + Level 4.2 Dodging
 + Level 4.4 Stealth


You had 5 spell levels left.
You didn't know any spells.
Your spell library contained the following spells:

 Spells                   Type           Power      Damage    Failure   Level
 Frozen Ramparts          Ice            0%         1d1       83%         3
 Ice Form                 Ice/Tmut       0%         N/A       99%         4
 Summon Ice Beast         Ice/Summ       0%         N/A       99%         4


Dungeon Overview and Level Annotations

Branches:
Dungeon (4/15)
 Temple: D:4-7

Altars:


Innate Abilities, Weirdness & Mutations

You are small and have problems with some larger weapons.
You are completely attuned to the shadows.


Message History

The water moccasin bites you. The water moccasin barely misses you.
You shoot an arrow. The arrow hits the water moccasin.
The water moccasin is almost dead.
The water moccasin closely misses you.
You shoot an arrow.
The arrow hits the water moccasin but does no damage.
The water moccasin is almost dead.
The water moccasin bites you but does no damage.
The water moccasin bites you.
You are lethally poisoned!
The water moccasin poisons you!
You shoot an arrow.
The arrow barely misses the water moccasin.
* * * LOW HITPOINT WARNING * * *
You feel very sick. The water moccasin closely misses you.
The water moccasin barely misses you.
You shoot an arrow.
The arrow closely misses the water moccasin.
* * * LOW HITPOINT WARNING * * *
You feel sick. The water moccasin bites you.
* * * LOW HITPOINT WARNING * * *
You are more poisoned.
The water moccasin poisons you! The water moccasin misses you.
You feel better. The water moccasin bites you.
* * * LOW HITPOINT WARNING * * *
You are lethally poisoned!
The water moccasin poisons you!
You shoot an arrow. The arrow hits the water moccasin!
You kill the water moccasin!
* * * LOW HITPOINT WARNING * * *
You feel very sick.
Your Dodging skill increases to level 4!
Your Stealth skill increases to level 4!
You have reached level 6!
There is a lethal amount of poison in your body!
* * * LOW HITPOINT WARNING * * *
You feel sick.
* * * LOW HITPOINT WARNING * * *
You feel sick.
You die...

.#####
.....#
####.#
#.#
#@#
#)#
#)#
#)#
'###.#
...'.#
'###.#
#.#
#o#


There were no monsters in sight!

Vanquished Creatures
  A water moccasin (D:6)
  An orc priest (D:6)
  3 adders
  3 gnolls (D:3)
  An ufetubus (D:6)
  2 worms
  7 orcs
  4 endoplasms
  2 giant cockroaches
  6 goblins
  2 hobgoblins
  4 jackals (D:3)
  6 ball pythons
  3 bats
  2 kobolds
  3 rats
50 creatures vanquished.

Notes
Turn   | Place    | Note
-------+----------+-------------------------------------------
     0 | D:1      | HoaS the Kobold Hunter began the quest for the Orb.
     0 | D:1      | Reached XP level 1. HP: 12/12 MP: 1/1
     0 | D:1      | Noticed an orb of fire
     0 | D:1      | Noticed a tentacled monstrosity
     2 | D:1      | Noticed a large abomination
     4 | D:1      | Noticed an orb of fire
     5 | D:1      | Noticed an orb of fire
     7 | D:1      | Noticed an ice dragon
     8 | D:1      | Noticed an iron dragon
     9 | D:1      | Noticed a shadow dragon
    10 | D:1      | Noticed a shadow dragon
    12 | D:1      | Noticed a tentacled monstrosity
    14 | D:1      | Noticed an iron dragon
    15 | D:1      | Noticed an iron dragon
    18 | D:1      | Noticed a large abomination
    18 | D:1      | Noticed a large abomination
    19 | D:1      | Noticed a red draconian
    20 | D:1      | Noticed an iron dragon
    25 | D:1      | Noticed a shadow dragon
   142 | D:1      | Reached XP level 2. HP: 18/18 MP: 2/2
   848 | D:2      | Found a faded altar of an unknown god.
   889 | D:2      | Reached XP level 3. HP: 22/22 MP: 3/3
  1211 | D:2      | Reached XP level 4. HP: 27/27 MP: 4/4
  1689 | D:3      | Reached skill level 6 in Ranged Weapons
  1689 | D:3      | Reached XP level 5. HP: 32/32 MP: 5/5
  1990 | D:4      | You fall into a shaft and drop 2 floors!
  2020 | D:6      | Noticed a water moccasin
  2044 | D:6      | Killed a water moccasin
  2045 | D:6      | Reached XP level 6. HP: 2/38 MP: 6/6
  2046 | D:6      | HP: 1/38 [poisoned by a water moccasin]
  2047 | D:6      | Succumbed to a water moccasin's poison

Illustrated notes

Levels and vault maps discovered:
D:1:      shiori_arrival_whats_in_store_for_you, layout_rooms
D:2:      layout_basic, chequers_ecumenical_altar_simple_redux
D:3:      layout_basic, uniq_jessica
D:4:      kennysheep_goblin_castle, layout_basic,
          nicolae_elyvilon_peaceful_grove, gammafunk_ghost_grave,
          grunt_decor_cap
D:6:      layout_rooms, lemuel_tele_altar, minmay_door_square,
          nicolae_concentric_dashed_squares_mild, grunt_tough_drop

Skill      XL: |  1  2  3  4  5 |
---------------+----------------+-----
Stealth        | 2 3 4 |  4.4
Dodging        | 3 4 |  4.2
Fighting       | 3 |  3.9
Ranged Weapons | 6 |  6.5

Action                   |  1- 3 |  4- 6 || total
-------------------------+-------+-------++-------
 Fire: Shortbow          |    56 |    76 ||   132
  Use: Scroll            |     4 |     7 ||    11
       Potion            |       |     3 ||     3
Armor: Leather armour    |     4 |     8 ||    12
Dodge: Dodged            |    12 |    59 ||    71

Table legend: (Time is in decaauts)
 A = Elapsed time spent in this place.
 B = Non-inter-level travel time spent in this place.
 C = Inter-level travel time spent in this place.
 D = Time resting spent in this place.
 E = Time spent auto-exploring this place.
 F = Levels seen in this place.
 G = Mean time per level.
                   A        B        C        D        E       F      G
               +--------+--------+--------+--------+--------+-----+--------+
         Total |   2083 |   2000 |     83 |    114 |   1529 |   5 |  416.6 |
       Dungeon |   2083 |   2000 |     83 |    114 |   1529 |   5 |  416.6 |
               +--------+--------+--------+--------+--------+-----+--------+

Top non-repeatable levels by time:
     D:2: 810 daAuts
     D:1: 584 daAuts
     D:3: 548 daAuts
     D:4: 74 daAuts
     D:6: 64 daAuts
